 Dungeon Crawl Stone Soup version 0.19.1-1-g22dce08 (webtiles) character file.

72 Macro the Sneak (level 4, 0/27 HPs)
             Began as a Halfling Enchanter on Jan 17, 2017.
             Slain by an orc
             ... wielding a +0 hand axe of electrocution
              (20 damage)
             ... on level 3 of the Dungeon.
             The game lasted 00:18:59 (2337 turns).

Macro the Sneak (Halfling Enchanter)                Turns: 2337, Time: 00:19:00

Health: 0/27       AC:  3    Str:  9    XL:     4   Next: 48%
Magic:  4/6        EV: 14    Int: 14    God:
Gold:   181        SH:  0    Dex: 14    Spells: 3 memorised, 0 levels left

rFire  . . .     SeeInvis .     w - +3 dagger
rCold  . . .     Gourm    .     r - +0 leather armour
rNeg   . . .     Faith    .     (shield restricted)
rPois  .         Spirit   .     (no helmet)
rElec  .         Reflect  .     (no cloak)
rCorr  .         Harm     .     (no gloves)
MR     .....                    (no boots)
Stlth  +++.......               (no amulet)
                                (no ring)
                                f - ring of stealth

@: no status effects
A: mutation resistance 1
a: no special abilities


You were on level 3 of the Dungeon.
You were not hungry.

You visited 1 branch of the dungeon, and saw 3 of its levels.

You collected 181 gold pieces.

Inventory:

Hand Weapons
 w - a +3 dagger (weapon)
Armour
 b - a +1 robe
 g - a +2 large shield
 r - a +0 leather armour (worn)
Jewellery
 f - a ring of stealth (left hand)
 p - an uncursed amulet of harm {unknown}
 q - a cursed -3 ring of strength {unknown}
Scrolls
 h - 2 scrolls of amnesia {unknown}
 l - 4 scrolls of immolation {unknown}
 m - 5 scrolls of enchant armour {unknown}
 n - 2 scrolls of remove curse {unknown}
 t - a scroll of recharging {unknown}
 v - a scroll of noise {unknown}
Potions
 e - a potion of heal wounds {unknown}
 j - a potion of flight {unknown}
 k - a potion of might {unknown}
 o - 2 potions of degeneration {unknown}
 s - 2 potions of invisibility {unknown}
 u - a potion of brilliance {unknown}
Books
 c - a book of Maledictions

   Spells                             Type                      Level
   a - Corona                         Hexes                        1
   b - Ensorcelled Hibernation        Hexes/Ice                    2
   c - Confuse                        Hexes                        3
   d - Tukima's Dance                 Hexes                        3
   e - Dazzling Spray                 Conjuration/Hexes            3
Comestibles
 d - 2 bread rations
 i - 3 meat rations


   Skills:
 + Level 2.7 Short Blades
 + Level 2.2 Dodging
 + Level 4.0 Stealth
 + Level 1.8 Spellcasting
 + Level 3.0 Hexes
 + Level 0.4 Ice Magic


You couldn't memorise any spells.
You knew the following spells:

 Your Spells              Type           Power        Failure   Level  Hunger
a - Corona                Hex            #......      12%         1    ##.....
b - Ensorcelled Hibernat  Hex/Ice        #.....       28%         2    ###....
c - Tukima's Dance        Hex            #.......     30%         3    ####...


Dungeon Overview and Level Annotations

Branches:
Dungeon (3/15)

Altars:
Nemelex Xobeh

Annotations:
D:3 davido123's ghost, amateur TrBe


Innate Abilities, Weirdness & Mutations

You are small and have problems with some larger weapons.
You are somewhat resistant to further mutation.


Message History

l - 4 scrolls labeled ROXTID NUOWE (gained 1)
i - 3 meat rations (gained 1)
You now have 181 gold pieces (gained 16).
Found an escape hatch in the floor.
There is an escape hatch in the floor here.
An orc comes into view.
It is wielding a hand axe of electrocution.
Casting: Corona
Confirm with . or Enter, or press ? or * to list all spells.
Aiming: Ensorcelled Hibernation
Press: ? - help, Shift-Dir - straight line, f - orc
Aim: an orc, wielding a hand axe of electrocution (hasn't noticed you, chance to defeat MR: 55%)
The orc shouts!
The orc looks drowsy...
You hear a shout! x4 3 orcs come into view.
An orc is wielding a flail of crushing.
The orc shouts!
The orc hits you with a hand axe of electrocution!
You are electrocuted!
Ouch! That really hurt!
You die...

## ###.#
.. ...#
#.#.#.#
###.. ..#
...[.....
...o..#.##
...oo.o..#
#@.# #..#
#.#..#
#.#>.#
#.#..####
#.#.....#
#.#.###.#
#.#...#.#
#########
##.###.#.#


You could see 4 orcs.

Vanquished Creatures
  An adder (D:2)
  An ooze (D:1)
  3 worms
  2 dart slugs (D:1)
  4 giant cockroaches
  4 goblins
  4 hobgoblins
  8 jackals
  4 bats
  3 frilled lizards
  4 kobolds
  9 rats
47 creatures vanquished.

Notes
Turn   | Place    | Note
-------+----------+-------------------------------------------
     0 | D:1      | Macro the Halfling Enchanter began the quest for the Orb.
     0 | D:1      | Reached XP level 1. HP: 11/11 MP: 3/3
   107 | D:1      | Reached XP level 2. HP: 17/17 MP: 4/4
   483 | D:1      | Reached XP level 3. HP: 9/21 MP: 1/5
   509 | D:1      | Learned a level 2 spell: Ensorcelled Hibernation
   715 | D:1      | Found a sparkling altar of Nemelex Xobeh.
  1162 | D:2      | Found a sparkling altar of Nemelex Xobeh.
  1277 | D:2      | Reached XP level 4. HP: 27/27 MP: 3/6
  1332 | D:2      | Learned a level 3 spell: Tukima's Dance
  1379 | D:2      | Reached skill level 4 in Stealth
  1897 | D:3      | Noticed davido123's ghost (amateur TrBe)
  2337 | D:3      | Slain by an orc

Skill      XL: |  1  2  3  4 |
---------------+-------------+-----
Short Blades   | 2 |  2.7
Hexes          | 3 |  3.0
Stealth        | 4 |  4.0
Dodging        | |  2.2
Spellcasting   | |  1.8
Ice Magic      | |  0.4

Action                   |  1- 3 |  4- 6 || total
-------------------------+-------+-------++-------
Melee: Dagger            |   110 |    46 ||   156
 Cast: Corona            |    10 |     3 ||    13
       Ensorcelled Hiber |    13 |     7 ||    20
  Use: Potion            |       |     1 ||     1
 Stab: Sleeping          |    14 |     7 ||    21
       Distracted        |       |     1 ||     1
  Eat: Chunk             |     3 |     2 ||     5
       Beef jerky        |       |     1 ||     1
Armor: Robe              |     8 |     1 ||     9
       Leather armour    |       |     6 ||     6
Dodge: Dodged            |    64 |    27 ||    91
